 Dungeon Crawl Stone Soup version 0.19-a0-465-g1d1674b (webtiles) character file.

495 Skanax the Grave Robber (level 6, 0/41 HPs)
             Began as a Demonspawn Necromancer on June 2, 2016.
             Slain by a gnoll
             ... wielding a +0 spear
              (6 damage)
             ... on level 5 of the Dungeon on June 3, 2016.
             The game lasted 00:20:04 (4084 turns).

Skanax the Grave Robber (Demonspawn Necromancer)    Turns: 4084, Time: 00:20:05

Health: 0/41       AC:  7    Str:  8    XL:     6   Next: 92%
Magic:  2/12       EV: 12    Int: 19    God:
Gold:   339        SH:  0    Dex: 13    Spells: 4 memorised, 4 levels left

rFire  . . .     SeeInvis .     r - +1 dagger (venom)
rCold  + . .     Gourm    .     j - +2 robe
rNeg   . . .     Faith    .     (no shield)
rPois  .         Spirit   .     (no helmet)
rElec  .         Dismiss  .     (no cloak)
rCorr  .         Reflect  .     (no gloves)
SustAt .         Harm     .     (no boots)
MR     .....                    (no amulet)
Stlth  ++........               (no ring)
                                u - ring of protection from cold

@: very slightly contaminated, not resistant to hostile enchantments, unstealthy
A: slimy green scales 2, powered by death 1, powered by pain 1
a: no special abilities


You were on level 5 of the Dungeon.
You were not hungry.

You visited 1 branch of the dungeon, and saw 5 of its levels.

You collected 339 gold pieces.

Inventory:

Hand Weapons
 d - a +0 dagger
 m - a +0 hunting sling
 r - a +1 dagger of venom (weapon)
Missiles
 e - 176 stones
 g - 38 sling bullets
 h - 16 poisoned needles
 p - 3 tomahawks (quivered)
 s - 39 arrows
Armour
 a - a +0 robe
 j - a +2 robe (worn)
Jewellery
 u - a ring of protection from cold (left hand)
Wands
 t - a wand of confusion (31/48)
Scrolls
 n - a scroll of remove curse
 v - 2 scrolls of teleportation
 w - a scroll of enchant armour
Potions
 i - a potion of curing
 k - 2 potions of heal wounds
 x - a potion of lignification
Books
 b - a book of Necromancy

   Spells                             Type                      Level
   a - Pain                           Necromancy                   1
   b - Animate Skeleton               Necromancy                   1
   c - Vampiric Draining              Necromancy                   3
   d - Regeneration                   Charms/Necromancy            3
   e - Animate Dead                   Necromancy                   4
   f - Control Undead                 Necromancy                   4
 f - a book of Envenomations

   Spells                             Type                      Level
   a - Spider Form                    Transmutation/Poison         3
   b - Olgreb's Toxic Radiance        Poison                       4
   c - Alistair's Intoxication        Transmutation/Poison         5
   d - Poisonous Cloud                Conjuration/Poison/Air       6
Comestibles
 c - 5 bread rations
 l - 3 beef jerkies
 o - 6 fruits
 q - a meat ration


   Skills:
 + Level 0.2 Fighting
 + Level 0.8 Throwing
 + Level 2.0 Dodging
 + Level 2.4 Stealth
 + Level 4.3 Spellcasting
 + Level 7.3 Necromancy


You had 4 spell levels left.
You knew the following spells:

 Your Spells              Type           Power        Failure   Level  Hunger
a - Pain                  Necr           ####         1%          1    None
b - Animate Skeleton      Necr           N/A          1%          1    None
c - Regeneration          Chrm/Necr      ###.......   12%         3    ###....
d - Animate Dead          Necr           N/A          10%         4    ####...


Dungeon Overview and Level Annotations

Branches:
Dungeon (5/15)             Temple (0/1) D:4

Altars:
Cheibriados
Dithmenos
Elyvilon
Xom


Innate Abilities, Weirdness & Mutations

You are mostly covered in slimy green scales. (AC +3)
You regenerate a little health from kills.
You sometimes gain a little power by taking damage.


Message History

The gnoll sergeant hits you from afar with a vampiric spear.
The gnoll sergeant draws strength from your injuries!
The gnoll closely misses you. The gnoll sergeant closely misses you.
You hit the gnoll but do no damage.
The gnoll hits you but does no damage. x2
The gnoll sergeant misses you.
You hit the gnoll but do no damage.
The gnoll is poisoned.
The giant cockroach barely misses you. The gnoll misses you.
The gnoll hits you but does no damage.
The gnoll sergeant hits you but does no damage.
The giant cockroach barely misses you.
You hit the gnoll but do no damage.
The gnoll looks even sicker.
The gnoll is moderately wounded.
The gnoll hits you from afar with a spear.
The giant cockroach closely misses you. The gnoll misses you.
The gnoll barely misses you.
The gnoll sergeant hits you from afar with a vampiric spear!
* * * LOW HITPOINT WARNING * * *
The gnoll sergeant draws strength from your injuries!
The gnoll hits you from afar with a spear.
You die...

#....(?# #.# ####...##
... ##.....## ### #.#
##.......## ##.###.#
#.........####...##.##
+.....g...'...........
#...gg....####...##.##
##...sg..## ##.#.....
##..@..## ###.#.##
##...## #.#.# ##+##
###.#.# #.# #.....#
#.# #.#.### ##.##
#.#.# ##...## #.#.#
#.....##### #.#..
#.##...##...###.###


You could see a gnoll sergeant, 3 gnolls and a giant cockroach.

Vanquished Creatures
  Edmund (D:4)
  2 iguanas
  A worker ant (D:5)
  2 gnolls (D:3)
  An adder (D:4)
  2 worms
  6 giant geckos
  7 orcs (D:3)
  7 bats
  8 giant cockroaches
  6 goblins
  5 hobgoblins
  3 jackals (D:3)
  2 quokkas
  2 giant newts
  2 jackal skeletons
  5 kobolds
  8 rats
70 creatures vanquished.

Vanquished Creatures (collateral kills)
  The ghost of no0bjke the Covered, a novice MiFi (D:4)
  2 gnolls
  A giant cockroach (D:1)
  A goblin (D:1)
  A kobold (D:1)
  A rat (D:1)
7 creatures vanquished.

Grand Total: 77 creatures vanquished

Notes
Turn   | Place    | Note
--------------------------------------------------------------
     0 | D:1      | Skanax the Demonspawn Necromancer began the quest for the Orb.
     0 | D:1      | Reached XP level 1. HP: 13/13 MP: 3/3
     2 | D:1      | Learned a level 1 spell: Animate Skeleton
   121 | D:1      | Gained mutation: You are partially covered in slimy green scales. (AC +2) [demonic ancestry]
   121 | D:1      | Reached XP level 2. HP: 7/19 MP: 0/5
   412 | D:1      | Reached skill level 5 in Necromancy
   881 | D:1      | Gained mutation: You sometimes gain a little power by taking damage. [demonic ancestry]
   881 | D:1      | Reached XP level 3. HP: 24/24 MP: 4/6
   886 | D:1      | Learned a level 3 spell: Regeneration
   962 | D:2      | Found a white marble altar of Elyvilon.
  1806 | D:3      | Upgraded the game from 0.19-a0-459-gb8ed64d to 0.19-a0-465-g1d1674b
  1937 | D:3      | Gained mutation: You regenerate a little health from kills. [demonic ancestry]
  1937 | D:3      | Reached XP level 4. HP: 21/30 MP: 3/7
  1969 | D:3      | Found a shimmering altar of Xom.
  2108 | D:3      | Found a shadowy altar of Dithmenos.
  2108 | D:3      | Found a snail-covered altar of Cheibriados.
  2440 | D:3      | You fall through a shaft!
  2542 | D:4      | Reached XP level 5. HP: 32/35 MP: 4/9
  2551 | D:4      | Learned a level 4 spell: Animate Dead
  2561 | D:4      | Found a staircase to the Ecumenical Temple.
  2601 | D:4      | Noticed no0bjke's ghost (novice MiFi)
  3240 | D:4      | Noticed Edmund
  3248 | D:4      | Killed Edmund
  3248 | D:4      | Reached skill level 6 in Necromancy
  3319 | D:4      | Killed no0bjke's ghost
  3319 | D:4      | Reached skill level 7 in Necromancy
  3319 | D:4      | Gained mutation: You are mostly covered in slimy green scales. (AC +3) [demonic ancestry]
  3319 | D:4      | Reached XP level 6. HP: 41/41 MP: 8/12
  3816 | D:5      | Entered Level 5 of the Dungeon
  4084 | D:5      | Slain by a gnoll

Vault maps used:
D:1:      minmay_arrival_diagonal_passages, hangedman_abyss_or_decor_lesser_grid
D:2:      elyvilon_altar_5, first_bread
D:3:      old_standard_altar, gammafunk_temple_overflow_pools,
          serial_park_tiny_pond, glass_columns_b
D:4:      minmay_temple_entry_purple_smoke, uniq_edmund
D:5:      ashenzari_altar_1, okawaru_gym_becter

Skill      XL: |  1  2  3  4  5 |
---------------+----------------+-----
Necromancy     | 5 7 |  7.3
Dodging        | 2 |  2.0
Stealth        | 2 |  2.4
Spellcasting   | 3 4 |  4.3
Fighting       | |  0.2
Throwing       | |  0.8

Action                   |  1- 3 |  4- 6 || total
-------------------------+-------+-------++-------
Melee: Dagger            |    18 |    17 ||    35
Throw: Stone             |     1 |       ||     1
       Tomahawk          |       |    15 ||    15
 Cast: Pain              |    64 |    66 ||   130
       Animate Skeleton  |    19 |     7 ||    26
       Animate Dead      |       |     4 ||     4
  Use: Scroll            |     5 |     8 ||    13
       Potion            |     2 |     1 ||     3
  Eat: Chunk             |     4 |     2 ||     6
       Bread ration      |       |     2 ||     2
Armor: Robe              |    13 |    11 ||    24
Dodge: Dodged            |    18 |    29 ||    47
